AoeStats
← 入秋

Marketplace

504080065Analyzed
1v1 RM · 28d ago on Sep 3, 2026· 28m 6s· 2 players
Game mode
Random Map
Map size
Tiny (2 player)
Population
200
Speed
Normal
Resources
Standard
Victory
Conquest
Starting age
Dark Age
Ending age
Imperial Age
RankedLock teamsTeams togetherTeam positionsShared explorationLock speedFull tech treeHidden civsTurbo modeCheats
Victory
Defeat
🇨🇳 Cumans · China
1112
+15
🇹🇷 Franks · Türkiye
1089
-15
TK Sandman
5:03 Loom
9:44 Feudal Age
10:34 Double-Bit Axe
14:05 Wheelbarrow
23:19 Castle Age
22:15 Padded Archer Armor
22:06 Fletching
24:44 Bow Saw
24:58 Hand Cart
24:29 Town Watch
25:08 Bodkin Arrow
26:10 Husbandry
26:08 Light Cavalry
26:50 Gold Mining
入秋
6:38 Loom
8:53 Feudal Age
10:21 Double-Bit Axe
11:26 Wheelbarrow
17:29 Horse Collar
21:48 Castle Age
22:43 Forging
22:39 Scale Barding Armor
22:49 Bloodlines
23:46 Bow Saw
23:39 Heavy Plow
23:33 Gold Mining
26:30 Iron Casting
27:50 Chain Barding Armor
Connection lost

Rejoining the realm…

Still unreachable

The connection could not be restored.

Session expired

The server has moved on; the page needs a fresh start.